AoeStats
← Ustankim

Nomad

508191977Analyzed
4v4 RM · 12d ago on Sep 21, 2026· 51m 57s· 8 players
Game mode
Random Map
Map size
231×231
Population
200
Speed
Normal
Resources
Standard
Victory
Conquest
Starting age
Dark Age
Ending age
Imperial Age
RankedLock teamsTeams togetherTeam positionsShared explorationLock speedFull tech treeHidden civsTurbo modeCheats
Victory
Defeat
🇲🇾 Lithuanians · Malaysia
1266
+12
🇯🇵 Turks · Japan
1217
+14
🇮🇳 Vikings · India
1158
+16
🇮🇳 Shu · India
1045
+62
🇹🇷 Dravidians · Türkiye
1211
-18
🇩🇰 Portuguese · Denmark
1176
-16
🇪🇸 Italians · Spain
1154
-15
🇫🇷 Malians · France
1139
-15
Ustankim
6:53 Loom
14:43 Feudal Age
21:32 Castle Age
19:36 Double-Bit Axe
19:33 Horse Collar
24:13 Bow Saw
24:04 Heavy Plow
26:32 Wheelbarrow
25:49 Gold Mining
25:49 Stone Mining
27:19 Forging
27:00 Fletching
28:11 Hand Cart
36:32 Imperial Age
38:03 Elite Organ Gun
43:26 Two-Man Saw
43:06 Conscription
45:36 Chemistry
44:56 Ballistics
lalooaloonso
15:38 Feudal Age
22:35 Loom
26:26 Castle Age
24:41 Horse Collar
28:13 Heavy Plow
28:45 Scale Barding Armor
30:04 Chain Barding Armor
35:15 Husbandry
35:52 Fletching
35:49 Town Watch
37:35 Padded Archer Armor
39:37 Bodkin Arrow
40:50 Leather Archer Armor
41:25 Ballistics
43:39 Imperial Age
42:40 Husbandry
Iced0ux
5:04 Loom
12:49 Feudal Age
15:07 Double-Bit Axe
20:00 Castle Age
23:07 Bow Saw
chakar
4:40 Loom
13:22 Feudal Age
17:13 Castle Age
15:20 Double-Bit Axe
17:08 Gold Mining
17:47 Town Watch
18:12 Stone Mining
19:03 Medium Warships
18:34 Fishing Lines
22:33 Wheelbarrow
21:58 Fletching
24:32 Hand Cart
24:02 Horse Collar
24:04 Pikeman
24:55 Bodkin Arrow
25:13 Heavy Plow
25:26 Bow Saw
37:30 Imperial Age
35:29 Padded Archer Armor
36:45 Leather Archer Armor
37:58 Thumb Ring
37:42 Elite Elephant Archer
38:58 Bracer
39:20 Ballistics
39:42 Masonry
40:51 Conscription
42:59 Ring Archer Armor
43:38 Chemistry
RomaSaga
5:58 Loom
15:12 Feudal Age
15:43 Fishing Lines
16:47 Fletching
19:45 Castle Age
18:12 Fishing Lines
19:56 Double-Bit Axe
19:52 Horse Collar
21:12 Bow Saw
22:03 Bodkin Arrow
22:55 Town Watch
25:29 Heavy Plow
27:04 Gold Mining
27:06 Stone Mining
29:06 Gillnets
34:49 Imperial Age
32:29 Padded Archer Armor
32:30 Treadmill Crane
33:22 Forging
33:25 Scale Barding Armor
34:30 Wheelbarrow
35:10 Chain Barding Armor
35:16 Ballistics
36:02 Gold Shaft Mining
38:01 Conscription
38:14 Leather Archer Armor
38:00 Bracer
38:09 Thumb Ring
38:57 Parthian Tactics
39:32 Bloodlines
39:22 Husbandry
40:25 Iron Casting
41:14 Ring Archer Armor
41:57 Hand Cart
42:44 Two-Man Saw
42:47 Blast Furnace
42:53 Plate Barding Armor
44:51 Artillery
44:30 Elite Cannon Galleon
46:16 Town Patrol
46:56 Cavalier
DrGameHer
3:55 Loom
16:41 Feudal Age
18:18 Fishing Lines
21:06 Fletching
24:34 Padded Archer Armor
26:41 Castle Age
30:03 Crossbowman
32:27 Bodkin Arrow
33:40 Padded Archer Armor
33:48 Double-Bit Axe
35:53 Leather Archer Armor
40:22 Scale Mail Armor
40:33 Forging
40:48 Horse Collar
42:44 Scale Barding Armor
44:57 Chieftains
45:43 Chain Mail Armor
47:59 Heavy Plow
51:53 Imperial Age
49:12 Town Watch
51:56 Bow Saw
_SKY_菜刀
5:19 Loom
15:09 Feudal Age
19:08 Castle Age
18:27 Double-Bit Axe
20:47 Bow Saw
23:08 Horse Collar
23:34 Husbandry
24:24 Gold Mining
25:09 Medium Warships
26:13 Stone Mining
33:43 Scale Barding Armor
33:49 Forging
38:06 Heavy Plow
38:20 Fishing Lines
41:47 Imperial Age
40:27 Wheelbarrow
40:19 Bloodlines
41:10 Treadmill Crane
41:53 Chain Barding Armor
42:12 Hand Cart
42:35 Iron Casting
42:28 Cavalier
44:30 Plate Barding Armor
45:02 Conscription
45:51 Paladin
50:57 Spies/Treason
53:15 Two-Man Saw
52:46 Crop Rotation
52:29 Masonry
52:30 Fortified Wall
52:11 Guard Tower
52:16 Murder Holes
52:42 Ballistics
52:24 Hill Forts
53:00 Hoardings
51:46 Elite Leitis
Harry
5:01 Loom
14:21 Feudal Age
17:58 Castle Age
17:00 Fletching
18:05 Double-Bit Axe
19:02 Medium Warships
19:33 Bow Saw
19:27 Bodkin Arrow
21:13 Crossbowman
23:25 Wheelbarrow
22:38 Town Watch
24:25 Horse Collar
27:25 Padded Archer Armor
28:14 Gold Mining
32:31 Heavy Plow
35:56 Imperial Age
35:12 Leather Archer Armor
36:04 Ballistics
36:12 Thumb Ring
36:29 Hand Cart
36:23 Arbalester
38:06 Chemistry
37:07 Bracer
37:34 Conscription
39:22 Guilds
40:40 Bolt Magazine
42:14 Ring Archer Armor
42:27 Hoardings
41:38 Elite Skirmisher
44:00 Capped Ram
44:02 Onager
46:55 Siege Engineers
49:41 Spies/Treason
Connection lost

Rejoining the realm…

Still unreachable

The connection could not be restored.

Session expired

The server has moved on; the page needs a fresh start.